 Dungeon Crawl Stone Soup version 0.16-a0-2739-g09de7a3 (webtiles) character file.

1535 FishServ the Grappler (level 8, -12/74 HPs)
             Began as a Troll Monk on Nov 26, 2014.
             Was a Believer of Qazlal.
             Mangled by a gnoll
             ... wielding a +0 halberd
              (15 damage)
             ... on level 9 of the Dungeon.
             The game lasted 00:03:09 (565 turns).

FishServ the Grappler (Troll Monk)                   Turns: 565, Time: 00:03:09

Health: -12/74     AC:  5    Str: 21    XL:     8   Next: 55%
Magic:  3/3        EV: 10    Int:  6    God:    Qazlal [**....]
Gold:   30         SH:  3    Dex: 13    Spells: 0 memorised, 7 levels left

rFire  . . .     SeeInvis .       - Unarmed
rCold  + . .     Clarity  .     a - +0 robe
rNeg   . . .     SustAb   .     (shield restricted)
rPois  .         Gourm    +     (helmet restricted)
rElec  .         Spirit   .     (no cloak)
rCorr  .         Warding  .     (gloves unavailable)
rMut   .         Stasis   .     (boots unavailable)
MR     .....                    (no amulet)
Stlth  +.........               (no ring)
                                c - ring of protection from cold

@: not resistant to hostile enchantments, very unstealthy
A: unfitting armour, claws 3, fast metabolism 3, gourmand, regeneration 2,
shaggy fur 1, tough skin 2
a: Upheaval, Renounce Religion


You were on level 9 of the Dungeon.
You worshipped Qazlal.
Qazlal was pleased with you.
You were full.

You visited 1 branch of the dungeon, and saw 9 of its levels.

You collected 30 gold pieces.

Inventory:

Armour
 a - a +0 robe (worn)
Jewellery
 c - a ring of protection from cold (left claw)
Scrolls
 d - 2 scrolls of amnesia {unknown}
 e - a scroll of teleportation {unknown}
 f - a scroll of blinking {unknown}
 g - a scroll of holy word {unknown}
 h - a scroll of identify {unknown}
Comestibles
 b - 2 meat rations


   Skills:
 - Level 2.5 Fighting
 - Level 2.4 Dodging
 - Level 1.1 Stealth
 + Level 11.3 Unarmed Combat


You had 7 spell levels left.
You didn't know any spells.

Dungeon Overview and Level Annotations

Branches:
Dungeon (9/15)             Temple (0/1) D:7
   Lair: D:8-11         Orc: D:9-12

Altars:
Qazlal
Yredelemnul


Innate Abilities, Weirdness & Mutations

You are too large for most types of armour.
You have claws for hands.
Your metabolism is lightning-fast.
You like to eat raw meat.
You heal very quickly.
You are covered in fur (AC +1).
You have very tough skin (AC +2).


Message History

The gnoll sergeant is engulfed in roaring flames.
The gnoll sergeant closely misses you. The gnoll hits you with a halberd!
* * * LOW HITPOINT WARNING * * *
The gnoll hits you.
* * * LOW HITPOINT WARNING * * *
You closely miss the gnoll sergeant.
The gnoll sergeant is almost dead.
The gnoll closely misses you. The gnoll misses you.
The gnoll sergeant is engulfed in roaring flames.
You kill the gnoll sergeant!
Qazlal accepts your kill. The gnoll barely misses you.
You are too injured to fight recklessly!
You barely miss the gnoll. The gnoll closely misses you.
The gnoll hits you but does no damage.
You scratch the gnoll.
The gnoll begins to bleed from its wounds!
The gnoll is moderately wounded.
The gnoll hits you with a halberd!
You die...

...# #.#. .## #...
..## ... ##.....
##.<#.....#
#........#
#..§g§g..#
#...@g...#
####..#$.#.##
.....#.## #
.###..#.##.#
#.......#
###..#####..<.
#............
.........#####....
#####.##.


You could see 3 gnolls.

Vanquished Creatures
  A hippogriff (D:8)
  Grum (D:8)
  3 wolves (D:8)
  A hungry ghost (D:7)
  2 orc warriors (D:7)
  A black bear (D:9)
  2 giant frogs
  A gnoll sergeant (D:9)
  A wyvern skeleton (D:7)
  An orc priest (D:7)
  A hound (D:5)
  5 orc wizards
  A worker ant (D:9)
  2 adders
  A gnoll (D:9)
  A worm (D:3)
  2 giant geckos
  3 orcs
  3 goblins
  A hobgoblin (D:4)
  A bat (D:4)
  A kobold (D:7)
  2 rats
38 creatures vanquished.

Notes
Turn   | Place    | Note
--------------------------------------------------------------
     0 | D:1      | FishServ, the Troll Monk, began the quest for the Orb.
     0 | D:1      | Reached XP level 1. HP: 22/22 MP: 1/1
    63 | D:3      | Reached XP level 2. HP: 19/29 MP: 1/1
   110 | D:4      | Found a stormy altar of Qazlal.
   121 | D:4      | Became a worshipper of Qazlal Stormbringer
   121 | D:4      | Acquired Qazlal's first power
   121 | D:4      | Acquired Qazlal's second power
   164 | D:4      | Reached skill level 5 in Unarmed Combat
   164 | D:4      | Reached XP level 3. HP: 33/36 MP: 2/2
   168 | D:4      | Reached XP level 4. HP: 36/44 MP: 2/2
   203 | D:5      | Entered Level 5 of the Dungeon
   224 | D:5      | Found a basalt altar of Yredelemnul.
   225 | D:5      | Reached skill level 6 in Unarmed Combat
   249 | D:7      | Found a staircase to the Ecumenical Temple.
   252 | D:7      | Noticed a giant frog
   255 | D:7      | Killed a giant frog
   255 | D:7      | Reached XP level 5. HP: 48/50 MP: 2/2
   257 | D:7      | Noticed an orc warrior
   265 | D:7      | Killed an orc warrior
   265 | D:7      | Reached skill level 7 in Unarmed Combat
   265 | D:7      | Reached XP level 6. HP: 43/59 MP: 3/3
   322 | D:7      | Noticed an orc warrior
   328 | D:7      | Killed an orc warrior
   328 | D:7      | Reached skill level 8 in Unarmed Combat
   411 | D:7      | Noticed a hungry ghost
   427 | D:7      | Killed a hungry ghost
   427 | D:7      | Reached XP level 7. HP: 66/66 MP: 3/3
   472 | D:8      | Noticed Grum
   474 | D:8      | Reached skill level 9 in Unarmed Combat
   480 | D:8      | Reached skill level 10 in Unarmed Combat
   480 | D:8      | Reached XP level 8. HP: 43/74 MP: 3/3
   488 | D:8      | Killed Grum
   543 | D:9      | Reached skill level 11 in Unarmed Combat
   562 | D:9      | HP: 2/74 [gnoll (4)]
   565 | D:9      | Mangled by a gnoll

Action                   |  1- 3 |  4- 6 |  7- 9 || total
-------------------------+-------+-------+-------++-------
Melee: Unarmed           |    37 |    52 |    45 ||   134
  Eat: Chunk             |     2 |     4 |     4 ||    10
